 Dungeon Crawl Stone Soup version 0.29-a0-422-gafbd6decc1 (webtiles) character file.

Game seed: 16385803457879269042

5891 bande the Cruncher (level 10, -8/90 HPs)
             Began as a Minotaur Gladiator on May 18, 2022.
             Was a Priest of Okawaru.
             Killed from afar by Erica (28 damage)
             ... with a bolt of poison
             ... on level 8 of the Dungeon.
             The game lasted 00:14:36 (9336 turns).

bande the Cruncher (Minotaur Gladiator)             Turns: 9336, Time: 00:14:37

Health: -8/90      AC: 16    Str: 18    XL:     10   Next: 53%
Magic:  12/12      EV:  8    Int:  5    God:    Okawaru [***...]
Gold:   407        SH:  0    Dex: 17    Spells: 9/9 levels left

rFire   . . .      SeeInvis .   a - +1 quarterstaff
rCold   . . .      Faith    .   (shield currently unavailable)
rNeg    . . .      Spirit   .   k - +0 plate armour
rPois   .          Reflect  .   c - +0 hat
rElec   .          Harm     .   t - +0 cloak
rCorr   .          Rampage  .   i - +0 pair of gloves
Will    .....                   (no boots)
Stlth   ..........              (no amulet)
HPRegen 0.25/turn               (no ring)
MPRegen 0.13/turn               (no ring)

@: lethally poisoned (-8 -> -27)
A: horns 2, retaliatory headbutt, deterioration 1
a: Renounce Religion, Heroism


You were on level 8 of the Dungeon.
You worshipped Okawaru.
Okawaru was most pleased with you.
You visited 1 branch of the dungeon, and saw 11 of its levels.

You collected 407 gold pieces.

Inventory:

Hand Weapons
 a - a +1 quarterstaff (weapon)
 v - a +0 shortbow
 y - a +0 battleaxe of flaming
Missiles
 d - 4 throwing nets (quivered)
 e - 8 javelins
Armour
 c - a +0 hat (worn)
 i - a +0 pair of gloves (worn)
 k - a +0 plate armour (worn)
 t - a +0 cloak (worn)
Jewellery
 m - a ring of see invisible
Wands
 h - a wand of flame (21)
 o - a wand of acid (5)
Scrolls
 p - 5 scrolls of identify
 q - 2 scrolls of teleportation
 s - a scroll of magic mapping
 u - 2 scrolls of blinking
 w - a scroll of amnesia
 z - a scroll of enchant weapon
 A - a scroll of enchant armour {unknown}
Potions
 b - 2 potions of might
 f - 3 potions of curing
 g - 4 potions of magic
 j - a potion of heal wounds
 l - 2 potions of flight
 n - 2 potions of brilliance
 r - a potion of resistance {unknown}
 x - a potion of berserk rage {unknown}


   Skills:
 + Level 8.7 Fighting
 + Level 13.1 Staves
 - Level 2.0 Throwing
 + Level 9.1 Armour
 + Level 4.5 Dodging
 * Level 4.7 Invocations


You had 9 spell levels left.
You didn't know any spells.
Your spell library contained the following spells:

 Spells                   Type           Power      Damage    Failure   Level
 Magic Dart               Conj           0%         1d3       100%        1
 Corpse Rot               Necr/Air       0%         N/A       100%        2
 Poisonous Vapours        Pois/Air       0%         N/A       100%        2
 Searing Ray              Conj           0%         2d4       100%        2
 Static Discharge         Conj/Air       0%         N/A       100%        2
 Portal Projectile        Hex/Tloc       0%         N/A       100%        3
 Dispel Undead            Necr           0%         3d6       100%        4
 Fulminant Prism          Conj/Hex       0%         3d6       100%        4
 Leda's Liquefaction      Hex/Erth       0%         N/A       100%        4
 Sticky Flame             Conj/Fire      0%         2d3       100%        4
 Call Canine Familiar     Summ           Unusable   N/A       N/A         3

Dungeon Overview and Level Annotations

Branches:
Dungeon (11/15)            Temple (0/1) D:7            Lair (0/6) D:9
    Orc (0/2) D:10

Altars:
Cheibriados
Elyvilon
Makhleb
Nemelex Xobeh
Okawaru
Trog
Uskayaw
Vehumet
Wu Jian
Yredelemnul
Zin
The Shining One

Shops:
D:5 :

Annotations:
D:8 Erica


Innate Abilities, Weirdness & Mutations

You have a pair of horns on your head.
You reflexively headbutt those who attack you in melee.
Your body sometimes deteriorates upon taking damage.


Message History

Erica hits you with a +4 scimitar of flaming.
Erica burns you.
You thump Erica!
Erica is lightly wounded.
You feel sick. Something hits you but does no damage.
You sock Erica!
Erica is moderately wounded.
You feel sick. Something hits you but does no damage.
Erica hits you with a +4 scimitar of flaming.
Erica burns you.
You hit Erica.
Erica is moderately wounded.
You feel sick. Something hits you but does no damage.
Erica hits you but does no damage.
Unknown command.
You barely miss Erica.
Erica is moderately wounded.
You feel sick. Something hits you but does no damage. Something hits you.
* * * LOW HITPOINT WARNING * * *
You hit Erica.
Erica is moderately wounded.
Something hits you but does no damage. Erica gestures at you while chanting.
The bolt of poison hits you!
You are more poisoned.
* * * LOW HITPOINT WARNING * * *
The bolt of poison hits something!
You feel much better.
You feel very sick. Something hits you but does no damage.
Erica closely misses you.
You sock Erica!
Erica is severely wounded.
You feel sick. Something hits you but does no damage.
You sock Erica! Your headbutt misses Erica.
Erica is severely wounded.
You feel sick. Something hits you but does no damage.
Erica points at you and mumbles some strange words.
The bolt of poison hits you!!
You are more poisoned.
You die...

......## ......##
.##.## .........
...... ......##
....## ..##.... #...
......#. ##.######
#.[..... #@......#
#.#.....
##@......###.#.#...
#..................
#.......######.......
.......##$.# #...##..
#...####.#.#
###...##.. ####
..##.# ##...####..
... ..###.....##...
.#. ..##......##...
.. ..##.#....##...


You could see Erica.

Vanquished Creatures
  Urug (D:10)
  Psyche (D:10)
  Prince Ribbit (D:5)
  A hornet (D:8)
  2 shadows
  Sigmund (D:3)
  A wyvern (D:10)
  8 yaks (D:10)
  Menkaure (D:7)
  2 water moccasins
  2 orc warriors
  An ice beast (D:5)
  3 black bears
  2 centaurs
  3 phantoms
  A gnoll sergeant (D:7)
  3 bullfrogs
  2 scorpions
  2 necrophages (D:6)
  3 howler monkeys (D:8)
  5 hounds
  4 jellies
  4 orc priests
  Crazy Yiuf (D:6)
  2 gnoll shamans
  3 iguanas
  5 orc wizards
  8 gnolls (D:7)
  14 adders
  A shadow imp (D:8)
  A white imp (D:4)
  A worm (D:4)
  4 dart slugs
  25 orcs
  5 ball pythons
  10 endoplasms
  A giant cockroach (D:4)
  11 goblins
  6 hobgoblins
  4 jackals (D:3)
  5 quokkas
  4 bats
  3 frilled lizards
  3 goblin skeletons (D:4)
  2 goblin zombies (D:4)
  A hobgoblin zombie (D:4)
  4 kobolds
  2 kobold skeletons (D:4)
  An orc skeleton (D:4)
  2 orc zombies (D:4)
  2 rats
185 creatures vanquished.

Notes
Turn   | Place    | Note
-------+----------+-------------------------------------------
     0 | D:1      | bande the Minotaur Gladiator began the quest for the Orb.
     0 | D:1      | Reached XP level 1. HP: 18/18 MP: 0/0
   149 | D:1      | Found a faded altar of an unknown god.
   180 | D:1      | Reached skill level 4 in Staves
   180 | D:1      | Reached XP level 2. HP: 25/25 MP: 1/1
   726 | D:2      | Reached XP level 3. HP: 23/30 MP: 2/2
   843 | D:2      | Found a bloodstained altar of Trog.
  1694 | D:3      | Reached XP level 4. HP: 38/38 MP: 3/3
  1751 | D:3      | Reached skill level 5 in Staves
  2168 | D:3      | Reached skill level 1 in Armour
  2190 | D:3      | Noticed Sigmund
  2198 | D:3      | Killed Sigmund
  2199 | D:3      | Reached skill level 6 in Staves
  2199 | D:3      | Reached XP level 5. HP: 44/46 MP: 4/4
  2385 | D:4      | Reached XP level 6. HP: 52/52 MP: 5/5
  2403 | D:4      | Found a glowing silver altar of Zin.
  2403 | D:4      | Found a burning altar of Makhleb.
  2404 | D:4      | Noticed a cacodemon
  2404 | D:4      | Noticed an angel
  2428 | D:4      | Found a glowing golden altar of the Shining One.
  2748 | D:4      | Reached skill level 7 in Staves
  3496 | D:5      | Entered Level 5 of the Dungeon
  3513 | D:5      | Found a hide-covered altar of Uskayaw.
  3551 | D:5      | Noticed a water moccasin
  3562 | D:5      | Killed a water moccasin
  3563 | D:5      | Reached XP level 7. HP: 48/60 MP: 6/6
  3627 | D:5      | Found Qiddon's Book Boutique.
  3628 | D:5      | Noticed Prince Ribbit
  3652 | D:5      | Killed Prince Ribbit
  3653 | D:5      | Reached skill level 5 in Fighting
  3653 | D:5      | Reached skill level 8 in Staves
  3894 | D:5      | Reached skill level 5 in Armour
  3894 | D:5      | Reached XP level 8. HP: 61/68 MP: 7/7
  3993 | D:5      | Reached skill level 9 in Staves
  4069 | D:5      | Reached skill level 10 in Staves
  4428 | D:5      | Found an iron altar of Okawaru.
  4428 | D:5      | Found an ornate altar of the Wu Jian Council.
  4493 | D:5      | Gained mutation: Your body sometimes deteriorates upon
                  | taking damage. [potion of mutation]
  4547 | D:5      | Found a sparkling altar of Nemelex Xobeh.
  4829 | D:6      | Reached XP level 9. HP: 13/78 MP: 8/8
  5142 | D:5      | Found a white marble altar of Elyvilon.
  5153 | D:5      | Became a worshipper of Warmaster Okawaru
  5273 | D:6      | Found a runed translucent door.
  5274 | D:6      | Noticed Crazy Yiuf
  5604 | D:6      | Found a radiant altar of Vehumet.
  5636 | D:6      | Reached skill level 11 in Staves
  5675 | D:6      | Reached skill level 1 in Invocations
  6231 | D:6      | Killed Crazy Yiuf
  6807 | D:7      | Noticed Menkaure
  6814 | D:7      | Killed Menkaure
  6906 | D:7      | Reached * piety under Okawaru
  7430 | D:7      | Found a staircase to the Ecumenical Temple.
  7683 | D:8      | Reached skill level 12 in Staves
  7784 | D:8      | Found a snail-covered altar of Cheibriados.
  7810 | D:8      | You fall into a shaft and drop 3 floors!
  7864 | D:10     | Entered Level 10 of the Dungeon
  7864 | D:10     | Found a staircase to the Orcish Mines.
  7891 | D:10     | Reached ** piety under Okawaru
  7894 | D:10     | Reached XP level 10. HP: 60/88 MP: 11/11
  8260 | D:10     | Noticed Psyche
  8269 | D:10     | Killed Psyche
  8280 | D:10     | Noticed Urug
  8299 | D:10     | HP: 3/88 [Urug/+0 battleaxe of flaming (7)]
  8306 | D:10     | Killed Urug
  8306 | D:10     | Reached *** piety under Okawaru
  8627 | D:10     | Reached skill level 13 in Staves
  9150 | D:9      | Found a staircase to the Lair.
  9151 | D:9      | Found a basalt altar of Yredelemnul.
  9323 | D:8      | Noticed Erica
  9336 | D:8      | Killed from afar by Erica

Illustrated notes

Levels and vault maps discovered:
D:1:      minmay_arrival_four_houses, layout_loops_ring, basic_ecumenical_altar
D:2:      layout_loops_cross, basic_altar, minmay_statues_item,
          columned_hall_lemuel, nicolae_elevator_lobby_asterisk
D:3:      layout_basic, kennysheep_pointless_box, kennysheep_generic_room_6,
          uniq_sigmund
D:4:      layout_rooms, grunt_temple_overflow_order_and_chaos_2,
          nicolae_tso_besieged_by_evil
D:5:      cheibrodos_barr_body, layout_loops_ring, marbit_many_paths,
          nicolae_uskayaw_dance_hall, nicolae_overflow_hidden_temple,
          enter_ossuary_1, serial_shops, shop, nicolae_sextant,
          uniq_prince_ribbit1
D:6:      layout_basic, mainiacjoe_overflow_alcove_2, uniq_crazy_yiuf_cottage
D:7:      layout_basic, minmay_temple_entry_glassed_door, ldierk_geyser,
          uniq_menkaure
D:8:      layout_rooms, lemuel_tele_altar, ebering_dispersal_statue_hall,
          minmay_pinched_square, uniq_erica
D:9:      minmay_the_grid_plus [minmay_the_grid_tree,
          minmay_the_grid_aliased_spiral, minmay_the_grid_diamond_grid,
          minmay_the_grid_spin_star,
          minmay_the_grid_prize_four_corners_diamond_a], layout_basic,
          yredelemnul_altar_generic, general_overflow_altar, trog_hazing_becter,
          uniq_pikel
D:10:     layout_loops_ring, minmay_orc_entry_temple_small, uniq_urug,
          uniq_psyche
D:11:     layout_loops_corners, uniq_nergalle

Skill      XL: |  1  2  3  4  5  6  7  8  9 10 |
---------------+-------------------------------+-----
Staves         | 4 6 7 8 10 12 13 | 13.1
Fighting       | 3 4 5 6 7 8 |  8.7
Dodging        | 4 |  4.5
Armour         | 2 3 5 7 8 9 |  9.1
Invocations    | 3 4 |  4.7
Throwing       | |  2.0

Action                   |  1- 3 |  4- 6 |  7- 9 | 10-12 || total
-------------------------+-------+-------+-------+-------++-------
Melee: Quarterstaff      |    73 |   136 |   290 |    77 ||   576
       Headbutt          |     8 |    18 |    55 |    25 ||   106
Evoke: Wand              |       |     2 |       |       ||     2
  Use: Scroll            |     6 |     5 |     4 |       ||    15
       Potion            |       |     1 |     1 |     6 ||     8
Armor: Leather armour    |     6 |       |       |       ||     6
       Plate armour      |    30 |    90 |   168 |    54 ||   342
Dodge: Dodged            |    51 |    32 |    89 |    21 ||   193

Table legend: (Time is in decaauts)
 A = Elapsed time spent in this place.
 B = Non-inter-level travel time spent in this place.
 C = Inter-level travel time spent in this place.
 D = Time resting spent in this place.
 E = Time spent auto-exploring this place.
 F = Levels seen in this place.
 G = Mean time per level.
                   A        B        C        D        E       F      G
               +--------+--------+--------+--------+--------+-----+--------+
         Total |   9248 |   8967 |    281 |   1837 |   5681 |  11 |  840.7 |
       Dungeon |   9248 |   8967 |    281 |   1837 |   5681 |  11 |  840.7 |
               +--------+--------+--------+--------+--------+-----+--------+

Top non-repeatable levels by time:
     D:6: 1575 daAuts
     D:7: 1346 daAuts
    D:10: 1259 daAuts
     D:5: 1171 daAuts
     D:4: 1014 daAuts
     D:2: 987 daAuts
     D:3: 780 daAuts
     D:1: 720 daAuts
     D:8: 332 daAuts
    D:11: 53 daAuts
     D:9: 6 daAuts
